 Dungeon Crawl Stone Soup version 0.28-a0-667-g162e43154e (webtiles) character file.

Game seed: 5891761386008350436

116 BlueGoblin the Ducker (level 5, -4/45 HPs)
             Began as a Ghoul Monk on Oct 17, 2021.
             Killed from afar by Ijyb (9 damage)
             ... with a puff of flame
             ... on level 3 of the Dungeon.
             The game lasted 00:03:20 (2879 turns).

BlueGoblin the Ducker (Ghoul Monk)                  Turns: 2879, Time: 00:03:20

Health: -4/45      AC:  5    Str: 15    XL:     5   Next: 0%
Magic:  4/4        EV: 12    Int:  5    God:
Gold:   144        SH:  0    Dex: 12    Spells: 4/4 levels left

rFire   . . .      SeeInvis .     - Unarmed
rCold   + . .      Faith    .   (no shield)
rNeg    + + +      Spirit   .   q - +0 ring mail
rPois   ∞          Reflect  .   (no helmet)
rElec   .          Harm     .   (no cloak)
rCorr   .          Rampage  .   (no gloves)
Will    .....                   (no boots)
Stlth   +.........              o - amulet of regeneration
HPRegen 0.00/turn               (no ring)
MPRegen 0.09/turn               (no ring)

@: inhibited regen
A: claws 1, cold resistance 1, negative energy resistance 3, inhibited
regeneration, torment resistance 2
a: no special abilities


You were on level 3 of the Dungeon.
You visited 1 branch of the dungeon, and saw 3 of its levels.

You collected 144 gold pieces.

Inventory:

Missiles
 g - 15 poisoned darts (quivered)
 j - 23 bolts
 n - 13 sling bullets
Armour
 a - a +0 robe
 q - a +0 ring mail (worn)
Jewellery
 f - an amulet of guardian spirit
 o - an amulet of regeneration (around neck)
Scrolls
 b - a scroll of noise {unknown}
 e - 4 scrolls of teleportation {unknown}
 h - a scroll of enchant armour {unknown}
 i - a scroll of blinking {unknown}
 k - 2 scrolls of amnesia {unknown}
 l - a scroll of summoning {unknown}
 m - a scroll of holy word {unknown}
Potions
 c - a potion of magic {unknown}
 d - 2 potions of curing {unknown}
 p - a potion of haste {unknown}


   Skills:
 - Level 3.2 Fighting
 * Level 5.0 Dodging
 - Level 2.1 Stealth
 - Level 3.2 Unarmed Combat


You had 4 spell levels left.
You didn't know any spells.
Your spell library contained the following spells:

 Spells                   Type           Power      Damage    Failure   Level
 Dazzling Flash           Conj/Hex       0%         N/A       97%         3
 Iskenderun's Battlesphe  Conj           0%         2d6       100%        5
 Summon Horrible Things   Summ           0%         N/A       100%        8


Dungeon Overview and Level Annotations

Branches:
Dungeon (3/15)

Altars:

Annotations:
D:3 Ijyb


Innate Abilities, Weirdness & Mutations

You thrive by killing the living.
You are immune to poison.
You have sharp fingernails.
Your flesh is cold resistant. (rC+)
You are immune to negative energy. (rN+++)
You do not regenerate when monsters are visible.
You are immune to unholy pain and torment.


Message History

No target in view!
You see here a frilled lizard corpse.
You now have 122 gold pieces (gained 13).
You now have 135 gold pieces (gained 13).
You now have 144 gold pieces (gained 9).
Found 26 stones.
You see here 26 stones.
Ijyb the Twisted Goblin comes into view.
She is wielding a +0 dagger and carrying a wand of flame (12).
Ijyb shouts!
Ijyb moves out of view.
Ijyb zaps a wand.
The puff of flame hits you.
Ijyb is nearby!
Ijyb is nearby!
Ijyb zaps a wand.
The puff of flame misses you.
Ijyb zaps a wand.
The puff of flame hits you!
You scratch Ijyb.
Ijyb is lightly wounded.
Ijyb hits you but does no damage.
You scratch Ijyb but do no damage.
Ijyb is lightly wounded.
Ijyb closely misses you.
You barely miss Ijyb.
Ijyb is lightly wounded.
Ijyb hits you with a +0 dagger.
You claw Ijyb!
Ijyb is moderately wounded.
Ijyb zaps a wand.
The puff of flame hits you.
You scratch Ijyb.
Ijyb is heavily wounded.
Ijyb zaps a wand.
The puff of flame hits you!
You are too injured to fight recklessly!
Ijyb zaps a wand.
The puff of flame hits you!
* * * LOW HITPOINT WARNING * * *
Ijyb zaps a wand.
The puff of flame hits you.
* * * LOW HITPOINT WARNING * * *
Ijyb zaps a wand.
The puff of flame misses you.
Ijyb zaps a wand.
The puff of flame hits you!
* * * LOW HITPOINT WARNING * * *
Ijyb zaps a wand.
The puff of flame hits you!
You die...

.##.###........ #.#####
..#.<##........ #.#...#
..)#..#.#.....# #.#...#
#.............##### #.#...#
##................#######.#...#
#..........#.###..........†..#
##..........#.#.....#####.#...#
..........>......##.# #.#...#
##.........)####@.#.# #.###.#
#..........# ##...## #.# #.#
#..........# ##...## #.# #.#
............# ##...###.# #.#
##..........# ###.....# #.#
#..........# ##g.#######
############ ##.....#
#######.#### ...........#


You could see Ijyb.

Vanquished Creatures
  A centaur skeleton (D:3)
  An adder (D:3)
  A worm (D:2)
  3 dart slugs
  An orc (D:3)
  5 endoplasms
  3 giant cockroaches
  8 goblins
  5 hobgoblins
  6 jackals (D:1)
  3 quokkas
  5 ball pythons
  A bat (D:1)
  7 frilled lizards
  5 kobolds
  11 rats
66 creatures vanquished.

Notes
Turn   | Place    | Note
-------+----------+-------------------------------------------
     0 | D:1      | BlueGoblin the Ghoul Monk began the quest for the Orb.
     0 | D:1      | Reached XP level 1. HP: 19/19 MP: 0/0
   150 | D:1      | Reached skill level 3 in Dodging
   164 | D:1      | Reached XP level 2. HP: 10/26 MP: 1/1
   646 | D:1      | Found a faded altar of an unknown god.
   710 | D:1      | Reached XP level 3. HP: 9/31 MP: 2/2
  1195 | D:1      | Reached skill level 4 in Dodging
  1333 | D:1      | Got Asmodeus's Papyrus of Creative Conjuration
  2159 | D:2      | Reached XP level 4. HP: 33/38 MP: 3/3
  2620 | D:3      | Reached skill level 5 in Dodging
  2631 | D:3      | Reached XP level 5. HP: 30/45 MP: 4/4
  2859 | D:3      | Noticed Ijyb
  2879 | D:3      | Killed from afar by Ijyb

Illustrated notes

Levels and vault maps discovered:
D:1:      arrival_zaba_pyramid, layout_basic,
          hellmonk_ecumenical_altar_crossroads, minmay_door_square,
          minmay_pentomino_r4
D:2:      layout_rooms, minmay_small_reverse_x
D:3:      layout_rooms, chequers_serial_rivers_micro_a, nrook_loot_triangle,
          kennysheep_generic_room_10, uniq_ijyb

Skill      XL: |  1  2  3  4 |
---------------+-------------+-----
Dodging        | 3 4 5 |  5.0
Fighting       | |  3.2
Stealth        | |  2.1
Unarmed Combat | |  3.2

Action                   |  1- 3 |  4- 6 || total
-------------------------+-------+-------++-------
Melee: Unarmed           |   132 |    62 ||   194
 Stab: Sleeping          |     6 |     2 ||     8
Armor: Robe              |     9 |    10 ||    19
       Ring mail         |       |     2 ||     2
Dodge: Dodged            |    83 |    37 ||   120

Table legend: (Time is in decaauts)
 A = Elapsed time spent in this place.
 B = Non-inter-level travel time spent in this place.
 C = Inter-level travel time spent in this place.
 D = Time resting spent in this place.
 E = Time spent auto-exploring this place.
 F = Levels seen in this place.
 G = Mean time per level.
                   A        B        C        D        E       F      G
               +--------+--------+--------+--------+--------+-----+--------+
         Total |   2868 |   2807 |     61 |      0 |   2326 |   3 |  956.0 |
       Dungeon |   2868 |   2807 |     61 |      0 |   2326 |   3 |  956.0 |
               +--------+--------+--------+--------+--------+-----+--------+

Top non-repeatable levels by time:
     D:1: 1746 daAuts
     D:2: 666 daAuts
     D:3: 456 daAuts
